 Dungeon Crawl Stone Soup version 0.25.1-9-gc5326a611f (webtiles) character file.

Game seed: 5387487313017065121

108 pokeman the Magician (level 4, -1/25 HPs)
             Began as a Deep Elf Wizard on Dec 26, 2020.
             Slain by a worm (6 damage)
             ... on level 3 of the Dungeon.
             The game lasted 00:03:24 (2535 turns).

pokeman the Magician (Deep Elf Wizard)              Turns: 2535, Time: 00:03:25

Health: -1/25      AC:  2    Str:  4    XL:     4   Next: 58%
Magic:  2/13       EV: 13    Int: 24    God:
Gold:   91         SH:  0    Dex: 13    Spells: 3/14 levels left

rFire    + . .     SeeInvis .   m - +2 flail (protect)
rCold    . . .     Gourm    .   (no shield)
rNeg     . . .     Faith    .   a - +0 robe
rPois    .         Spirit   .   b - +0 hat
rElec    .         Reflect  .   (no cloak)
rCorr    .         Harm     .   (no gloves)
MR       .....                  (no boots)
Stlth    ++........             (no amulet)
HPRegen  0.08/turn              e - ring of protection from fire
MPRegen  0.13/turn              (no ring)

@: very slightly contaminated
A: no striking features
a: no special abilities


You were on level 3 of the Dungeon.
You were not hungry.

You visited 1 branch of the dungeon, and saw 3 of its levels.

You collected 91 gold pieces.

Inventory:

Hand Weapons
 m - a +2 flail of protection (weapon)
Armour
 a - a +0 robe (worn)
 b - a +0 hat (worn)
Jewellery
 e - a ring of protection from fire (left hand)
Scrolls
 c - a scroll of fog {unknown}
 f - 5 scrolls of remove curse {unknown}
 g - a scroll of enchant armour {unknown}
 h - a scroll of enchant weapon {unknown}
 j - 3 scrolls of amnesia {unknown}
 k - 2 scrolls of identify {unknown}
Potions
 i - a potion of curing {unknown}
 l - a potion of resistance {unknown}
Comestibles
 d - 2 rations
 n - 5 chunks of flesh


   Skills:
 - Level 1.2 Fighting
 - Level 1.0 Armour
 + Level 2.7 Dodging
 - Level 2.4 Stealth
 * Level 5.7 Spellcasting
 + Level 2.2 Conjurations
 - Level 1.1 Summonings
 - Level 1.1 Translocations
 + Level 0.7 Poison Magic


You had 3 spell levels left.
You knew the following spells:

 Your Spells              Type           Power        Failure   Level  Hunger
a - Magic Dart            Conj           ###.         3%          1    None
b - Mephitic Cloud        Conj/Pois/Air  ##......     16%         3    #......
c - Call Imp              Summ           ##......     8%          2    None
d - Blink                 Tloc           N/A          8%          2    None
e - Conjure Flame         Conj/Fire      ##......     16%         3    #......

Your spell library contained the following spells:

 Spells                   Type           Power        Failure   Level  Hunger
 Slow                     Hex            #.......     12%         2    None


Dungeon Overview and Level Annotations

Branches:
Dungeon (3/15)

Altars:
Okawaru

Annotations:
D:3 Purgy


Message History

You hit Purgy.
Purgy is moderately wounded.
Purgy is engulfed in blazing flames.
Purgy misses you. x2; Purgy claws you.
You hit Purgy.
Purgy is severely wounded.
Purgy barely misses the worm. x2; Purgy claws the worm.
Purgy barely misses you. Purgy claws you.
* * * LOW HITPOINT WARNING * * *
Purgy claws you but does no damage.
You feel sick.
Casting: Mephitic Cloud (quite dangerous; 16% risk of failure)
Confirm with . or Enter, or press ? or * to list all spells.
The spell is quite dangerous to cast (16% risk of failure)!
Continue anyway?
The fire begins to smolder!
The fire ignites!
You feel sick.
You are no longer poisoned.
You completely miss the worm. The worm barely misses you.
You barely miss the worm. The worm bites you.
You die...

#........
#........
#........
#........
#######........
#.........>$..$
#T.....?..
#.#########.
#.☼@<<......
#.....w.......##
#############.#


You could see a worm.

Vanquished Creatures
  Terence (D:2)
  2 adders (D:2)
  An ooze (D:1)
  2 worms (D:2)
  2 dart slugs (D:1)
  4 leopard geckos
  7 goblins
  8 hobgoblins
  4 jackals (D:2)
  A quokka (D:2)
  A ball python (D:1)
  3 bats (D:1)
  5 frilled lizards
  2 kobolds (D:2)
  5 rats
48 creatures vanquished.

Notes
Turn   | Place    | Note
-------+----------+-------------------------------------------
     0 | D:1      | pokeman the Deep Elf Wizard began the quest for the Orb.
     0 | D:1      | Reached XP level 1. HP: 10/10 MP: 7/7
   271 | D:1      | Reached XP level 2. HP: 8/16 MP: 1/9
   762 | D:1      | Reached skill level 5 in Spellcasting
   869 | D:1      | Reached XP level 3. HP: 20/20 MP: 7/11
   874 | D:1      | Learned a level 3 spell: Mephitic Cloud
   877 | D:1      | Learned a level 2 spell: Call Imp
   880 | D:1      | Learned a level 2 spell: Blink
   884 | D:1      | Learned a level 3 spell: Conjure Flame
  1246 | D:2      | Reached skill level 1 in Fighting
  1499 | D:2      | Found an iron altar of Okawaru.
  1609 | D:2      | Reached skill level 1 in Armour
  1700 | D:2      | Noticed Terence
  1711 | D:2      | Killed Terence
  1711 | D:2      | Reached XP level 4. HP: 12/25 MP: 2/13
  2508 | D:3      | Noticed Purgy
  2535 | D:3      | Slain by a worm

Illustrated notes

Levels and vault maps discovered:
D:1:      dpeg_arrival_simpleton_a, layout_basic
D:2:      layout_loops_ring, nicolae_overflow_crystal_walls,
          kennysheep_generic_room_3, uniq_terence
D:3:      layout_basic, yredelemnul_altar_generic, cheibriados_altar_1,
          uniq_natasha, uniq_robin, uniq_purgy, uniq_crazy_yiuf_cottage

Skill      XL: |  1  2  3 |
---------------+----------+-----
Spellcasting   | 5 |  5.7
Fighting       | 1 |  1.2
Armour         | 1 |  1.0
Conjurations   | 2 |  2.2
Dodging        | |  2.7
Stealth        | |  2.4
Summonings     | |  1.1
Translocations | |  1.1
Poison Magic   | |  0.7

Action                   |  1- 3 |  4- 6 || total
-------------------------+-------+-------++-------
Melee: Unarmed           |     2 |       ||     2
       Flail             |       |    25 ||    25
 Cast: Magic Dart        |    84 |    26 ||   110
       Conjure Flame     |     1 |     2 ||     3
       Mephitic Cloud    |     1 |     2 ||     3
  Eat: Chunk             |     2 |     3 ||     5
Armor: Robe              |     6 |     6 ||    12
Dodge: Dodged            |    12 |    33 ||    45
